 Dungeon Crawl Stone Soup version 0.32-a0-427-g448f42529f (webtiles) character file.

Game seed: 4626143908824314227

1661188 EnegeticOcto the Shapeless Merfolk (level 27, 238/238 HPs)
             Began as a Merfolk Shapeshifter on Feb 22, 2024.
             Was the Champion of Nemelex Xobeh.
             Escaped with the Orb
             ... and 3 runes!
             The game lasted 02:06:27 (69763 turns).

EnegeticOcto the Shapeless Merfolk (MfSh)          Turns: 69763, Time: 02:06:27

Health: 238/238    AC: 17    Str: 26    XL:     27
Magic:  36/36      EV: 47    Int:  9    God:    Nemelex Xobeh [******]
Gold:   3377       SH:  0    Dex: 29    Spells: 11/26 levels left

rFire   + .          .
                       - Unarmed
rCold   + + .        (shield currently unavailable)
rNeg    + + +        Z - +3 scale mail of Wariness {^Contam rN+ Will+ Regen+}
rPois   +            g - +2 hat
rElec   +            M - +2 cloak {Will+}
rCorr   .            C - melded +1 pair of gloves "Samp" {rN++}
SInv    +            L - +0 pair of boots of Happy Babbling {Rampage Regen+ Str+7 Stlth-}
Will    ++++.        F - amulet "Sebif" {Spirit rElec rN+ Slay-5 SInv}
Stlth   +            B - ring "Asio" {rPois rC++ rN+}
HPRegen 2.19/turn    S - ring of the Hare {EV+10, =R}
MPRegen 0.25/turn

%: guardian spirit, rampage
@: blade hands, studying Polearms
A: (nimble swimmer 2), mertail, thin skeletal structure 1, strong 1
0: Orb of Zot
}: 3/15 runes: serpentine, barnacled, silver
a: Begin Untransformation, Renounce Religion, Draw Escape, Draw Destruction,
Draw Summoning, Draw Stack, Triple Draw, Deal Four, Stack Five


You escaped.
You worshipped Nemelex Xobeh.
Nemelex Xobeh was exalted by your worship.
You had blades for hands.
You visited 10 branches of the dungeon, and saw 50 of its levels.
You also visited: Trove and Gauntlet.

You collected 10371 gold pieces.
You spent 6994 gold pieces at shops.

Inventory:

Missiles
 y - 10 throwing nets (quivered) {!f}
Armour
 g - a +2 hat (worn)
   (You found it on level 1 of the Dungeon)
 C - the +1 pair of gloves "Samp" (melded) {rN++}
   (You found it on level 2 of the Orcish Mines)

   rN++:      It greatly protects you from negative energy.
 L - the +0 pair of boots of Happy Babbling (worn) {Rampage Regen+ Str+7 Stlth-}
   (You found it on level 2 of the Lair of Beasts)

   Str+7:     It affects your strength (+7).
   Regen+:    It increases your rate of health regeneration.
   Rampage:   It bestows one free step when moving towards enemies.
   Stlth-:    It makes you less stealthy.
 M - a +2 cloak of willpower (worn)
   (You took it off a draconian monk on level 1 of the Realm of Zot)
 Z - the +3 scale mail of Wariness (worn) {^Contam rN+ Will+ Regen+}
   (You found it on level 1 of the Depths)

   rN+:       It protects you from negative energy.
   Will+:     It increases your willpower.
   ^Contam:   It causes magical contamination when unequipped.
   Regen+:    It increases your rate of health regeneration.
Jewellery
 d - a ring of fire
   (You bought it in a shop on level 5 of the Dungeon)
 q - the brooch of Shielding {Spirit SH+8}
   (You found it in a treasure trove)

   [amulet of guardian spirit]

   Spirit:    It causes incoming damage to be divided between your reserves of
   health and magic.
   SH+8:      It affects your SH (+8).
 B - the ring "Asio" (left blade hand) {rPois rC++ rN+}
   (You found it in a treasure trove)

   [ring of positive energy]

   rC++:      It greatly protects you from cold.
   rPois:     It protects you from poison rN+: It protects you from negative
   energy.
 F - the amulet "Sebif" (around neck) {Spirit rElec rN+ Slay-5 SInv}
   (You found it in a treasure trove)

   [amulet of guardian spirit]

   Spirit:    It causes incoming damage to be divided between your reserves of
   health and magic.
   Slay-5:    It affects your accuracy & damage with ranged weapons and melee
   (-5).
   rElec:     It insulates you from electricity.
   rN+:       It protects you from negative energy.
   SInv:      It lets you see invisible.
 P - the ring of Fearph {rC+ rCorr Str+4}
   (You took it off an ancient champion on level 3 of the Crypt)

   [ring of protection from cold]

   Str+4:     It affects your strength (+4).
   rC+:       It protects you from cold.
   rCorr:     It protects you from acid and corrosion.
 S - the ring of the Hare (right blade hand) {EV+10, =R}
   (You found it in a Gauntlet)

   [ring of evasion]

   EV+10:     It affects your evasion (+10).
 W - a ring of willpower
   (You found it on level 15 of the Dungeon)
Talismans
 l - the blade talisman of Ehoqobene (active) {rF+ Dex+2}
   (You bought it in a shop on level 2 of the Orcish Mines)

   [blade talisman]

   Dex+2:     It affects your dexterity (+2).
   rF+:       It protects you from fire.
Wands
 w - a wand of quicksilver (31) {@v1}
   (You found it on level 4 of the Dungeon)
 x - a wand of digging (19) {@v3}
   (You found it on level 3 of the Shoals)
 A - a wand of mindburst (7)
   (You found it on level 5 of the Dungeon)
 E - a wand of polymorph (34)
   (You took it off Pikel on level 5 of the Dungeon)
 N - a wand of paralysis (75)
   (You found it on level 2 of the Lair of Beasts)
 X - a wand of iceblast (58) {@v2}
   (You found it on level 1 of the Shoals)
Scrolls
 c - 8 scrolls of vulnerability
 e - 7 scrolls of immolation
 h - 13 scrolls of teleportation {@r3 !r}
 i - 3 scrolls of poison {!r}
 k - 2 scrolls of butterflies {!r}
 u - 9 scrolls of fear {!r}
 v - 10 scrolls of fog {!r}
 z - 3 scrolls of torment
 K - 5 scrolls of silence {!r}
 T - 2 scrolls of blinking {@r4}
 V - 3 scrolls of enchant armour
Potions
 b - 11 potions of attraction
 f - 7 potions of resistance
 j - 6 potions of brilliance
 m - 3 potions of enlightenment
 n - 6 potions of cancellation
 p - 3 potions of ambrosia
 r - 24 potions of curing {@q1 !q}
 s - 16 potions of heal wounds {@q2 !q}
 D - 7 potions of haste {@q4 !q}
 G - 12 potions of mutation
 H - 5 potions of invisibility
 I - 4 potions of berserk rage
 J - 4 potions of magic
 O - 6 potions of lignification {@q6}
 U - 12 potions of might {@q3 !q}
Miscellaneous
 a - a phantom mirror
   (You found it on level 4 of the Snake Pit)
 t - a lightning rod (4/4)
   (You bought it in a shop on level 3 of the Dungeon)
 Q - a tin of tremorstones (2/2)
   (You found it in a Gauntlet)
 R - a phial of floods
   (You found it in a Gauntlet)
 Y - a box of beasts
   (You found it on level 4 of the Shoals)


   Skills:
 + Level 24.3 Fighting
 - Level 8.0 Armour
 O Level 27 Dodging
 - Level 5.0 Stealth
 + Level 24.2 Unarmed Combat
 - Level 4.5 Translocations
 - Level 8.0 Ice Magic
 + Level 18.0 Invocations
 - Level 4.0 Evocations
 O Level 27 Shapeshifting


You had 11 spell levels left.
You knew the following spells:

 Your Spells              Type           Power      Damage    Failure   Level
a - Lesser Beckoning      Tloc           16%        N/A       21%         2
b - Ozocubu's Armour      Ice            14%        N/A       10%         3
c - Manifold Assault      Tloc           8%         N/A       78%         4
d - Vhi's Electric Charg  Tloc/Air       8%         N/A       97%         4
Y - Blink                 Tloc           16%        N/A       21%         2

Your spell library contained the following spells:

 Spells                   Type           Power      Damage    Failure   Level
 Freeze                   Ice            56%        1d7       3%          1
 Frozen Ramparts          Ice            28%        1d5       10%         3
 Apportation              Tloc           16%        N/A       13%         1
 Gell's Gravitas          Tloc           8%         N/A       36%         3
 Teleport Other           Tloc           8%         N/A       36%         3
 Hailstorm                Conj/Ice       7%         3d5       43%         3
 Summon Ice Beast         Ice/Summ       7%         N/A       43%         3
 Momentum Strike          Conj/Tloc      8%         3d8       45%         2
 Magic Dart               Conj           0%         1d3       63%         1
 Necrotise                Necr           0%         1d4       63%         1
 Sandblast                Erth           0%         2d4       63%         1
 Shock                    Conj/Air       0%         1d3       63%         1
 Sting                    Conj/Alch      0%         1d3       63%         1
 Volatile Blastmotes      Fire/Tloc      8%         2d10      69%         3
 Jinxbite                 Hex            0%         N/A       77%         2
 Searing Ray              Conj           0%         2d4       77%         2
 Static Discharge         Conj/Air       0%         3-3/arc   77%         2
 Call Canine Familiar     Summ           0%         N/A       94%         3
 Dazzling Flash           Conj/Hex       0%         N/A       94%         3
 Fugue of the Fallen      Necr           0%         N/A       94%         3
 Passwall                 Erth           0%         N/A       94%         3
 Sigil of Binding         Hex            0%         N/A       94%         3
 Stone Arrow              Conj/Erth      0%         3d7       94%         3
 Swiftness                Air            0%         N/A       94%         3
 Vampiric Draining        Necr           0%         2d6       94%         3
 Dimensional Bullseye     Hex/Tloc       2%         N/A       97%         4
 Iskenderun's Mystic Bla  Conj/Tloc      4%         2d3       97%         4
 Airstrike                Air            0%         2d(0-16)  100%        4
 Anguish                  Hex/Necr       0%         N/A       100%        4
 Animate Armour           Summ/Erth      0%         N/A       100%        4
 Animate Dead             Necr           0%         N/A       100%        4
 Brom's Barrelling Bould  Conj/Erth      0%         2d3       100%        4
 Cause Fear               Hex            0%         N/A       100%        4
 Fulminant Prism          Conj/Alch      0%         3d5       100%        4
 Martyr's Knell           Necr/Summ      0%         N/A       100%        4
 Summon Lightning Spire   Summ/Air       0%         N/A       100%        4
 Alistair's Intoxication  Alch           0%         N/A       100%        5
 Arcjolt                  Conj/Air       0%         1d10      100%        5
 Borgnjor's Vile Clutch   Necr/Erth      0%         N/A       100%        5
 Curse of Agony           Necr           0%         N/A       100%        5
 Fireball                 Conj/Fire      0%         3d3       100%        5
 Iskenderun's Battlesphe  Conj           0%         2d6       100%        5
 Lee's Rapid Deconstruct  Erth           0%         3d4*      100%        5
 Summon Mana Viper        Hex/Summ       0%         N/A       100%        5
 Yara's Violent Unravell  Hex/Alch       0%         3d3       100%        5
 Conjure Ball Lightning   Conj/Air       0%         3x3d6     100%        6
 Death Channel            Necr           0%         N/A       100%        6
 Dispersal                Tloc           4%         N/A       100%        6
 Starburst                Conj/Fire      0%         6d3       100%        6
 Enfeeble                 Hex            0%         N/A       100%        7
 Haunt                    Necr/Summ      0%         N/A       100%        7
 Monstrous Menagerie      Summ           0%         N/A       100%        7
 Orb of Destruction       Conj           0%         9d5       100%        7
 Spellforged Servitor     Conj/Summ      0%         N/A       100%        7
 Borgnjor's Revivificati  Necr           0%         N/A       100%        8
 Disjunction              Tloc           4%         N/A       100%        8
 Maxwell's Capacitive Co  Air            0%         ∞         100%        8
 Dragon's Call            Summ           0%         N/A       100%        9


Dungeon Overview and Level Annotations

Branches:
Dungeon (15/15)            Temple (0/1) D:5            Lair (5/5) D:9
 Shoals (4/4) Lair:2        Snake (4/4) Lair:2        Slime (0/5) Lair:4
    Orc (2/2) D:11            Elf (3/3) Orc:2        Vaults (5/5) D:14
  Crypt (3/3) Vaults:3       Tomb (0/3) Crypt:3      Depths (4/4) D:15
    Zot (5/5) Depths:4    Gauntlet (visited)

Altars:
Cheibriados
Dithmenos
Fedhas
Gozag
Hepliaklqana
Kikubaaqudgha
Nemelex Xobeh
Okawaru
Qazlal
Ru
Uskayaw
Vehumet
Xom
Yredelemnul
Zin
Beogh
Jiyva

Shops:
D:3 *((?!   D:5 =   Orc:2 =*:*   Elf:1 *   Elf:2 (*   Vaults:1 (
Depths:1 !=!*   Depths:2 *

Portals:
Hell: Depths:1 Depths:3 Depths:4
Abyss: Depths:3
Pandemonium: Depths:2 Depths:3
Ziggurat: Depths:4

Annotations:
Lair:2 3 runed translucent doors, exclusion: 3 doors, Gargoyl's ghost, journeyman GrBe
Elf:2 3 runed translucent doors
Vaults:4 3 runed translucent doors, Mara
Depths:2 1 exclusion


Innate Abilities, Weirdness & Mutations

You have blades for hands.
You are incapable of wielding weapons or throwing items.
((You are very nimble when in or above water. (Stealth+, EV+, Speed+++)))
Your lower body shifts to a powerful aquatic tail in water.
You have a somewhat thin skeletal structure. (Dex +2, Stealth+)
Your muscles are strong. (Str +4, Int/Dex -1)


Message History

The ice dragon twists and deforms.
You deal a card...
You have dealt the Orb.
Press: ? - help, Shift-Dir - straight line, f/p - ice dragon
Aim: an ice dragon (misshapen and mutated)
You deal a card...
You have dealt the Orb.
Press: ? - help, Shift-Dir - straight line, f - bunyip, p - ice dragon
Aim: a bunyip (misshapen and mutated)
You deal a card...
You have dealt Vitriol.
Press: ? - help, Shift-Dir - straight line, f - ice dragon, p - bunyip
Aim: an ice dragon (misshapen and mutated, ally target)
The bolt of acid hits the ice dragon!!!
The acid corrodes the ice dragon!
The ice dragon is heavily wounded.
Your orb of destruction hits a rock wall. x2
The wavering orb of destruction hits the bunyip!!!
The bunyip is severely wounded.
You closely miss the bunyip.
The bunyip is severely wounded.
The ice dragon breathes frost at you. The blast of cold hits you. You resist.
The bunyip completely misses you. The bunyip misses you.
The bunyip claws you but does no damage.
You slice the bunyip!!
You kill the bunyip!
You rampage towards the balrug!
You slice the balrug!! You slash the balrug!
The balrug is heavily wounded.
The orbs collide in a blinding explosion!
The balrug misses you.
You slash the balrug!
The balrug is severely wounded.
The ice dragon completely misses you. x3
You barely miss the balrug. You slash the balrug, but do no damage.
The balrug is severely wounded.
The balrug misses you.
You completely miss the balrug.
The balrug is severely wounded.
The ice dragon completely misses you. x3
The balrug gestures at you. Makhleb smites you!
You shred the balrug!!!
You kill the balrug!
Your Invocations skill increases to level 18!
You shred the ice dragon!!!
You kill the ice dragon!
The demonspawn warmonger returns to its original shape as it dies.
No target in view!
(D) Dungeon (T) Temple (L) Lair (A) Shoals (P) Snake Pit (M) Slime Pits (O) Orcish Mines (E) Elven Halls (V) Vaults (C) Crypt (W) Tomb (U) Depths (H) Hell (Z) Zot
Where to? (Tab/Enter - D:1 @ (x,y), ? - help)
You see here a demonspawn corpse.
Things that are here:
a +3 chain mail of poison resistance; a +0 battleaxe of flaming; a +0 longbow of draining HP restored.
There is an open door here.
There is an open door here.
There is an open door here.
You see here an adder skeleton.
There is a stone staircase leading up here.
You climb upwards.
There is a stone staircase leading down here.
Magic restored.
There is a stone staircase leading up here.
You climb upwards.
There is a stone staircase leading down here.
There is a stone staircase leading up here.
You climb upwards.
There is a stone staircase leading down here.
There is a stone staircase leading up here.
You climb upwards.
There is a stone staircase leading down here.
A hellephant comes into view.
Unknown command.
You rampage towards the hellephant!
You shred the hellephant!!!
The hellephant is moderately wounded.
You closely miss the hellephant.
The hellephant is moderately wounded.
The hellephant tramples you but does no damage.
The hellephant completely misses you. x2
You shred the hellephant!!!!
The hellephant is severely wounded.
You hit the hellephant but do no damage.
You slash the hellephant!!
The hellephant is almost dead.
The hellephant completely misses you. The hellephant misses you.
The hellephant completely misses you.
You shred the hellephant!!!!
You kill the hellephant!
No target in view!
(D) Dungeon (T) Temple (L) Lair (A) Shoals (P) Snake Pit (M) Slime Pits (O) Orcish Mines (E) Elven Halls (V) Vaults (C) Crypt (W) Tomb (U) Depths (H) Hell (Z) Zot
Where to? (Tab/Enter - D:1 @ (x,y), ? - help)
There is a stone staircase leading down here.
There is a staircase leading out of the dungeon here.
You have escaped!

#.##.#.#...#...'.##...#.#
#)##...##.###.#####.#.#.#
#########'#######.# #.# #.#...#
#..........[...#..# #.## #.#.#..
#............#.#.####..####.#.###
#............#.#.###..#..##.#.###
#............#.#..##.####.#.#...#
#............#.##.....# #.#.###.#
#............#.#@#..### #.#.###.#
#............#.######## #.#.....#
#............#.#......# #...#####
##############.#......# ####...#
#.#####..# #.#.# #.#......# #.#.#
#.#.###.#######.#.#
#.#.###.........#.#
#.#..........####.#


There were no monsters in sight!

Vanquished Creatures
  5 dread liches
  Frederick (Vaults:3)
  5 ancient liches
  2 orbs of fire
  Mennas (Depths:4)
  A juggernaut (Depths:2)
  Xtahua (Vaults:4)
  Boris (thrice) (Vaults:3 Crypt:1 Vaults:5)
  3 Killer Klowns (Zot:5)
  Vashnia (Snake:2)
  Margery (Crypt:1)
  4 curse toes
  9 golden dragons
  Nikola (Snake:1)
  Norris (Vaults:3)
  A shard shrike zombie (Crypt:3)
  2 hellephants
  11 tentacled monstrosities
  3 electric golems
  6 liches
  Rupert (Snake:1)
  22 Orb Guardians (Zot:5)
  A Hell Sentinel (Zot:2)
  Mlioglotl (Snake:1)
  6 quicksilver dragons
  3 titans
  A kraken (Shoals:3)
  A searing wretch (Crypt:1)
  12 ancient champions
  2 deep elf master archers (Elf:3)
  4 death cobs
  3 deep elf blademasters (Elf:3)
  9 sphinxes
  Kirke (Elf:1)
  10 shadow dragons
  Aizul (Snake:2)
  Donald (Shoals:1)
  2 nagarajas
  13 storm dragons
  7 tengu reavers
  3 draconian knights
  4 protean progenitors
  5 revenants
  5 draconian monks
  A deep elf sorcerer (Elf:1)
  9 frost giants
  8 draconian shifters
  11 vault wardens
  9 fire giants
  A caustic shrike zombie (Crypt:3)
  4 orc warlords
  2 iron dragons
  5 draconian scorchers
  2 curse skulls
  A reaper (Crypt:2)
  2 balrugs
  A juggernaut zombie (Crypt:2)
  12 ironbound preservers
  6 ghouls
  12 very ugly things
  4 draconian stormcallers (Zot:2)
  4 deep elf elementalists
  3 broodmothers
  A ghost moth (Zot:5)
  6 draconian annihilators
  The ghost of anansati the End of an Era, a journeyman DsSh of Qazlal (Orc:2)
  5 formless jellyfish
  The ghost of Pesehast the Grappler, a journeyman DrMo of the Shining One (D:15)
  5 spriggan defenders
  11 ironbound thunderhulks
  13 stone giants
  4 green draconians
  6 vampire knights
  7 deep elf demonologists
  11 deep elf annihilators
  12 black draconians
  5 dire elephants
  13 white draconians
  4 deep elf death magi
  9 yellow draconians
  2 war gargoyles
  A bunyip (D:5)
  Azrael (Orc:2)
  4 spark wasps
  A minotaur (Gauntlet)
  3 purple draconians
  10 red draconians
  10 ettins
  10 jiangshi
  2 eidola
  9 merfolk impalers
  3 mummy priests (Crypt:3)
  9 merfolk javelineers
  3 rakshasas
  11 fire dragons
  A spriggan zombie (Crypt:2)
  11 deep elf high priests
  Josephine (D:11)
  13 yaktaur captains
  29 vault guards
  6 great orbs of eyes
  9 spriggan air magi
  11 ice dragons
  5 salamander tyrants
  6 ironbound frosthearts
  2 catoblepae
  A hell beast (Depths:4)
  Harold (Lair:2)
  2 ogre magi (D:15)
  7 hydras
  9 anacondas
  10 boulder beetles
  2 peacekeepers
  7 centaur warriors
  3 merfolk avatars
  A death knight (Crypt:3)
  14 dancing weapons
  6 merfolk aquamancers
  4 satyrs
  2 alligator snapping turtles (Shoals:2)
  An anaconda (shapeshifter) (Vaults:5)
  17 two-headed ogres
  7 tengu warriors
  9 naga warriors
  3 deep troll shamans
  3 titan zombies (Depths:2)
  11 death yaks
  19 naga sharpshooters
  3 orc high priests
  9 spriggan berserkers
  2 deep troll earth magi
  6 vampire magi
  15 deep elf knights
  2 soul eaters
  6 hell knights
  A sun demon (Depths:2)
  13 shock serpents
  A storm dragon zombie (Crypt:2)
  3 occultists
  8 shadow wraiths
  8 skysharks
  A skyshark (shapeshifter) (D:14)
  A death drake (shapeshifter) (Depths:2)
  2 goliath frogs (Zot:4)
  A sixfirhy (Depths:2)
  A fire crab (shapeshifter) (D:14)
  13 sea snakes
  8 salamander mystics
  4 glowing orange brains
  An iron giant zombie (Crypt:1)
  A shadow demon (Depths:3)
  23 skeletal warriors
  A deep troll (shapeshifter) (Vaults:5)
  A bunyip skeleton (Crypt:2)
  A quicksilver dragon simulacrum (Depths:4)
  A bunyip zombie (Crypt:3)
  22 deep trolls
  4 bog bodies
  12 mana vipers
  5 flayed ghosts
  Pikel (D:5)
  12 deep elf archers
  A shadow dragon zombie (Depths:2)
  11 phantasmal warriors
  14 ironbound convokers
  9 arcanists
  21 orc knights
  15 deep elf zephyrmancers
  3 lindwurms (Vaults:4)
  8 naga ritualists
  5 large abominations (Elf:1)
  An orc sorcerer (Orc:1)
  25 deep elf pyromancers
  29 harpies
  A tengu skeleton (Vaults:2)
  14 cyclopes
  4 human zombies
  18 ugly things
  2 shining eyes (Gauntlet)
  8 necromancers
  An anaconda skeleton (Crypt:3)
  A fire giant zombie (Crypt:2)
  14 manticores
  11 fauns
  19 salamanders
  7 merfolk sirens
  A frost giant skeleton (Depths:2)
  16 moths of wrath
  A guardian serpent (shapeshifter) (Vaults:5)
  2 elephants (Lair:3)
  4 human skeletons
  9 naga magi
  6 guardian serpents
  2 rust devils
  21 vault sentinels
  A cane toad (shapeshifter) (Vaults:3)
  47 black mambas
  4 centaur skeletons
  3 smoke demons
  2 gargoyles (D:12)
  15 water nymphs
  5 orange demons (D:14)
  A dire elephant skeleton (Crypt:1)
  9 cane toads
  A kobold demonologist (D:12)
  2 alligator snapping turtle zombies (Crypt:3)
  A torpor snail (Lair:4)
  2 efreet
  24 yaktaurs
  A yaktaur zombie (Vaults:2)
  7 komodo dragons
  A death yak skeleton (Crypt:3)
  A harpy zombie (Crypt:3)
  A red draconian skeleton (Crypt:3)
  A tormentor (Depths:3)
  10 freezing wraiths
  4 tengu conjurers
  3 rime drakes
  27 merfolk
  A sea snake skeleton (Crypt:2)
  3 red devils (D:14)
  12 guardian mummies
  6 trolls
  A merfolk (shapeshifter) (Vaults:4)
  15 wind drakes
  7 polar bears
  Prince Ribbit (D:5)
  9 hornets
  4 glass eyes
  A glass eye (shapeshifter) (Depths:4)
  31 blink frogs
  A dream sheep (shapeshifter) (Vaults:5)
  7 snapping turtles
  19 slime creatures
  24 dream sheep
  5 wyverns
  A centaur simulacrum (D:15)
  7 air elementals
  17 spriggans
  2 ettin skeletons
  A naga simulacrum (Crypt:3)
  A shadow (D:11)
  A vampire (D:8)
  30 water elementals
  7 wraiths
  4 fire elementals
  6 wargs
  8 basilisks
  A tarantella (shapeshifter) (Vaults:5)
  A human (shapeshifter) (D:15)
  46 yaks
  5 hogs
  A golden eye (Gauntlet)
  3 naga zombies
  2 steam dragons
  An ushabti (Crypt:3)
  3 vampire mosquitoes
  2 humans
  6 small abominations (Elf:1)
  A harpy simulacrum (Crypt:2)
  5 neqoxecs (D:15)
  2 acid dragons
  46 nagas
  3 hell hounds
  40 orc warriors
  4 black bears
  12 water moccasins
  A faun skeleton (Crypt:2)
  A hornet zombie (Crypt:2)
  A swamp dragon zombie (Crypt:2)
  A demonspawn skeleton (Crypt:3)
  2 sky beasts (D:8)
  14 laughing skulls
  2 ice beasts (D:7)
  12 ogres
  8 boggarts
  10 centaurs
  23 wolves
  A hog zombie (Crypt:2)
  4 lemures (D:5)
  A blink frog skeleton (Crypt:1)
  2 phantoms (D:5)
  A rime drake zombie (Crypt:1)
  2 kobold brigands
  A brain worm (Vaults:3)
  15 bullfrogs
  A salamander zombie (Crypt:3)
  4 earth elementals
  2 gnoll sergeants
  5 scorpions
  A salamander skeleton (Crypt:1)
  14 wights
  3 jellies
  12 killer bees
  A shapeshifter skeleton (Crypt:3)
  A human simulacrum (Vaults:2)
  6 electric eels (Snake:1)
  3 howler monkeys
  A bombardier beetle (D:5)
  2 quasits (D:15)
  25 orc priests
  2 hounds
  A basilisk skeleton (Crypt:3)
  Natasha (thrice) (D:2)
  2 sleepcaps (D:6)
  A boggart skeleton (D:15)
  15 hell rats
  24 orc wizards
  A tengu zombie (Crypt:3)
  3 hound skeletons
  A hound zombie (Crypt:1)
  6 mummies
  8 gnolls
  9 adders
  A shadow imp (D:5)
  2 white imps
  A dart slug (D:1)
  2 ribbon worms (D:3)
  77 orcs
  A bat zombie (Crypt:2)
  3 endoplasms
  2 giant cockroaches
  8 goblins
  8 hobgoblins
  2 jackals (D:1)
  20 kobolds
  4 quokkas
  2 ball pythons
  9 bats
  A bombardier beetle zombie (Crypt:3)
  4 rats
  2 aspiring fleshes
  4 tentacles (Shoals:3)
2201 creatures vanquished.

Vanquished Creatures (collateral kills)
  A tengu reaver (Depths:2)
  A fire giant (Depths:2)
  A spriggan defender (Depths:2)
  Snorg (Orc:2)
  A jiangshi (Depths:2)
  A hydra (Lair:1)
  A spriggan air mage (Depths:2)
  A two-headed ogre (D:10)
  A naga warrior (Snake:4)
  A hell knight (Depths:2)
  A lindwurm (Lair:5)
  An orc sorcerer (Orc:2)
  4 elephants
  3 kobold blastminers (Orc:2)
  A guardian serpent (Snake:4)
  A naga mage (Snake:4)
  2 cane toads
  A komodo dragon (Lair:2)
  5 yaks (D:10)
  A warg (Orc:2)
  2 orc warriors (Orc:2)
  A centaur (Orc:2)
  An orc priest (D:10)
  An orc wizard (Orc:2)
  4 hell rats (Lair:2)
  6 orcs
45 creatures vanquished.

Vanquished Creatures (others)
  A tengu conjurer (D:15)
  A naga (Snake:1)
  A human (D:6)
  A centaur (Orc:2)
  6 tentacles (Shoals:3)
10 creatures vanquished.

Grand Total: 2256 creatures vanquished

Notes
Turn   | Place    | Note
-------+----------+-------------------------------------------
     0 | D:1      | EnegeticOcto the Merfolk Shapeshifter began the quest for
                  | the Orb.
     0 | D:1      | Reached XP level 1. HP: 15/15 MP: 1/1
   990 | D:1      | Reached skill level 1 in Stealth
  1117 | D:1      | Found a faded altar of an unknown god.
  1148 | D:1      | Reached skill level 2 in Stealth
  1148 | D:1      | Reached XP level 2. HP: 19/21 MP: 2/2
  1466 | D:1      | Reached skill level 3 in Stealth
  1483 | D:1      | Reached XP level 3. HP: 26/26 MP: 3/3
  1992 | D:2      | Noticed Natasha
  2002 | D:2      | Killed Natasha
  2003 | D:2      | Reached skill level 2 in Fighting
  2003 | D:2      | Reached XP level 4. HP: 31/33 MP: 4/4
  2088 | D:2      | Found a sparkling altar of Nemelex Xobeh.
  2096 | D:2      | Became a worshipper of Nemelex Xobeh the Trickster
  2166 | D:2      | Noticed Natasha
  2230 | D:3      | Found Kahiug's Distillery.
  2257 | D:3      | Bought a potion of berserk rage for 50 gold pieces
  2290 | D:3      | Found Gozif's Weapon Shoppe.
  2381 | D:3      | Found a sacrificial altar of Ru.
  2381 | D:3      | Found a shimmering altar of Xom.
  2442 | D:3      | Bought a potion of degeneration for 10 gold pieces
  2460 | D:3      | Found Toane's Magic Scroll Shop.
  3092 | D:3      | Reached skill level 5 in Shapeshifting
  3314 | D:3      | Reached skill level 3 in Fighting
  3314 | D:3      | Reached XP level 5. HP: 41/41 MP: 5/5
  3345 | D:3      | Found an iron altar of Okawaru.
  3373 | D:3      | Found Guteffett's Weapon Boutique.
  3501 | D:3      | Found Jongaff's General Store.
  3503 | D:3      | Reached * piety under Nemelex Xobeh
  3552 | D:3      | Bought a scroll of identify for 28 gold pieces
  3884 | D:4      | Found a sparkling altar of Nemelex Xobeh.
  3940 | D:4      | Received a gift from Nemelex Xobeh
  4070 | D:4      | Noticed Duvessa
  4086 | D:4      | Noticed Dowan
  4092 | D:4      | Duvessa changed into Duvessa the kobold
  4092 | D:4      | Noticed Duvessa
  4092 | D:4      | Dowan changed into Dowan the quokka
  4092 | D:4      | Noticed Dowan
  4099 | D:4      | Killed Duvessa the kobold
  4103 | D:4      | Killed Dowan the quokka
  4253 | D:4      | Found an opulent altar of Gozag.
  4310 | D:4      | Reached skill level 4 in Fighting
  4310 | D:4      | Reached skill level 6 in Shapeshifting
  4310 | D:4      | Reached XP level 6. HP: 33/48 MP: 6/6
  4786 | D:3      | Bought a scroll of identify for 28 gold pieces
  4943 | D:4      | Reached skill level 7 in Shapeshifting
  5171 | D:4      | Learned a level 2 spell: Lesser Beckoning
  5175 | D:4      | Learned a level 3 spell: Ozocubu's Armour
  5282 | D:5      | Entered Level 5 of the Dungeon
  5472 | D:5      | Reached XP level 7. HP: 55/55 MP: 7/7
  5487 | D:5      | Reached skill level 4 in Unarmed Combat
  5569 | D:5      | Noticed Pikel
  5750 | D:4      | Reached skill level 5 in Fighting
  5828 | D:5      | Found Irry's Jewellery Boutique.
  5855 | D:5      | Found a staircase to the Ecumenical Temple.
  5899 | D:5      | Reached ** piety under Nemelex Xobeh
  5939 | D:3      | Bought a potion of heal wounds for 60 gold pieces
  6037 | D:5      | Reached skill level 5 in Unarmed Combat
  6094 | D:5      | Reached skill level 6 in Fighting
  6094 | D:5      | Reached XP level 8. HP: 57/64 MP: 8/8
  6163 | D:5      | Reached skill level 3 in Dodging
  6279 | D:3      | Bought a scroll of poison for 56 gold pieces
  6466 | D:5      | Noticed Prince Ribbit
  6495 | D:5      | Killed Prince Ribbit
  6496 | D:5      | Reached skill level 4 in Dodging
  7024 | D:2      | Found a sparkling altar of Nemelex Xobeh.
  7270 | D:2      | Killed Natasha
  7271 | D:2      | Reached skill level 7 in Fighting
  7350 | D:2      | Noticed Natasha
  7360 | D:2      | Killed Natasha
  7510 | D:5      | Reached skill level 8 in Shapeshifting
  7559 | D:6      | Reached skill level 5 in Dodging
  7733 | D:6      | Found an ancient bone altar of Kikubaaqudgha.
  7752 | D:6      | Found a hazy altar of Hepliaklqana.
  7815 | D:6      | Reached XP level 9. HP: 71/72 MP: 9/9
  7952 | D:3      | Bought a scroll of identify for 28 gold pieces
  7954 | D:3      | Identified a scroll of acquirement
  7955 | D:3      | Acquired 632 gold pieces
  7986 | D:3      | Bought a lightning rod (4/4) for 480 gold pieces
  8013 | D:3      | Bought a potion of haste for 100 gold pieces
  8013 | D:3      | Bought a potion of attraction for 30 gold pieces
  8142 | D:6      | Found a blossoming altar of Fedhas.
  8378 | D:6      | Found a snail-covered altar of Cheibriados.
  8570 | D:6      | Reached skill level 6 in Dodging
  8580 | D:6      | Reached *** piety under Nemelex Xobeh
  8682 | D:7      | Reached skill level 8 in Fighting
  8682 | D:7      | Reached skill level 9 in Shapeshifting
  8782 | D:7      | Received a gift from Nemelex Xobeh
  8800 | D:7      | Found a hide-covered altar of Uskayaw.
  8918 | D:7      | Reached skill level 10 in Shapeshifting
  9378 | D:5      | Killed Pikel
  9379 | D:5      | Reached skill level 2 in Invocations
  9585 | D:5      | Found Irry's Jewellery Boutique.
  9765 | D:5      | Found a staircase to the Ecumenical Temple.
 10088 | D:3      | Bought a potion of mutation for 80 gold pieces
 10251 | D:8      | Reached skill level 6 in Unarmed Combat
 10276 | D:8      | Received a gift from Nemelex Xobeh
 10974 | D:8      | Reached skill level 7 in Dodging
 11031 | D:8      | Reached XP level 10. HP: 82/82 MP: 10/12
 11044 | D:8      | Reached skill level 3 in Invocations
 11405 | D:8      | Noticed a two-headed ogre
 11484 | D:8      | Killed a two-headed ogre
 11485 | D:8      | Reached skill level 9 in Fighting
 11485 | D:8      | Reached skill level 4 in Invocations
 11717 | D:9      | Noticed a two-headed ogre
 11728 | D:9      | Killed a two-headed ogre
 11729 | D:9      | Reached skill level 8 in Dodging
 11729 | D:9      | Reached skill level 7 in Unarmed Combat
 11729 | D:9      | Reached skill level 11 in Shapeshifting
 12215 | D:9      | Received a gift from Nemelex Xobeh
 12359 | D:9      | Reached **** piety under Nemelex Xobeh
 12891 | D:9      | Found a staircase to the Lair.
 13129 | D:9      | Reached skill level 5 in Invocations
 13235 | D:9      | Found a basalt altar of Yredelemnul.
 13241 | D:9      | Found a glowing silver altar of Zin.
 13246 | D:9      | Found a stormy altar of Qazlal.
 13474 | D:10     | Entered Level 10 of the Dungeon
 13485 | D:10     | Received a gift from Nemelex Xobeh
 13538 | D:10     | Reached XP level 11. HP: 89/89 MP: 14/14
 13714 | D:10     | Noticed a two-headed ogre
 13735 | D:10     | Killed a two-headed ogre
 13736 | D:10     | Reached skill level 9 in Dodging
 13736 | D:10     | Reached skill level 4 in Stealth
 13791 | D:10     | Reached skill level 8 in Unarmed Combat
 14125 | D:10     | Reached skill level 10 in Fighting
 14402 | Lair:1   | Entered Level 1 of the Lair of Beasts
 14433 | Lair:1   | Reached skill level 5 in Stealth
 14433 | Lair:1   | Reached skill level 6 in Invocations
 14506 | Lair:1   | Reached skill level 12 in Shapeshifting
 14696 | Lair:1   | Reached skill level 10 in Dodging
 14899 | Lair:1   | Received a gift from Nemelex Xobeh
 14972 | Lair:1   | Reached ***** piety under Nemelex Xobeh
 15111 | Lair:1   | Received a gift from Nemelex Xobeh
 15125 | Lair:1   | Reached skill level 9 in Unarmed Combat
 15147 | Lair:1   | Noticed a six-headed hydra
 15158 | Lair:1   | Killed a six-headed hydra
 15159 | Lair:1   | Reached skill level 1 in Ice Magic
 15159 | Lair:1   | Reached XP level 12. HP: 66/99 MP: 14/16
 15347 | Lair:1   | Reached skill level 2 in Ice Magic
 15459 | Lair:1   | Reached skill level 11 in Fighting
 15876 | Lair:2   | Received a gift from Nemelex Xobeh
 15924 | Lair:2   | Reached skill level 3 in Ice Magic
 16076 | Lair:2   | Reached skill level 13 in Shapeshifting
 16096 | Lair:2   | Found a staircase to the Shoals.
 16096 | Lair:2   | Identified the +0 pair of boots of Happy Babbling {Rampage
                  | Regen+ Str+7 Stlth-}
 16172 | Lair:2   | Noticed a minotaur
 16501 | Lair:2   | Reached skill level 4 in Ice Magic
 16511 | Lair:2   | Noticed Harold
 16521 | Lair:2   | Killed Harold
 16522 | Lair:2   | Reached skill level 10 in Unarmed Combat
 16733 | Lair:2   | Noticed a four-headed hydra
 16748 | Lair:2   | Killed a four-headed hydra
 16798 | Lair:2   | Noticed Gargoyl's ghost (journeyman GrBe)
 16803 | Lair:2   | Found a staircase to the Snake Pit.
 16819 | Lair:2   | Found a runed translucent gate.
 16819 | Lair:2   | Found a runed translucent gate.
 16820 | Lair:2   | Found a runed translucent gate.
 17086 | Lair:3   | Reached skill level 7 in Invocations
 17132 | Lair:3   | Reached skill level 5 in Ice Magic
 17233 | Lair:3   | Reached XP level 13. HP: 107/107 MP: 18/18
 17307 | Lair:3   | Reached skill level 12 in Fighting
 17342 | Lair:3   | Found a gate leading to a gauntlet.
 17351 | Gauntlet | Entered a Gauntlet
 17351 | Gauntlet | Found a transporter.
 17351 | Gauntlet | Found a transporter.
 17363 | Gauntlet | Found a transporter.
 17381 | Gauntlet | Found a transporter.
 17381 | Gauntlet | Found a transporter.
 17381 | Gauntlet | Found a transporter.
 17383 | Gauntlet | Found a transporter.
 17383 | Gauntlet | Found a transporter.
 17396 | Gauntlet | Found a transporter.
 17412 | Gauntlet | Found a transporter.
 17413 | Gauntlet | Noticed a dire elephant
 17414 | Gauntlet | Found the ring of the Hare {EV+10}
 17419 | Gauntlet | Found a transporter.
 17436 | Gauntlet | Found a transporter.
 17456 | Gauntlet | Found a transporter.
 17468 | Gauntlet | Found a transporter.
 17824 | Gauntlet | Reached skill level 14 in Shapeshifting
 17839 | Gauntlet | Reached skill level 8 in Invocations
 17986 | Gauntlet | Reached skill level 11 in Unarmed Combat
 18012 | Gauntlet | Identified the ring "Vytyva" {Fly Str+3 Dex+3}
 18155 | Gauntlet | Killed a dire elephant
 18166 | Gauntlet | Reached skill level 9 in Invocations
 18195 | Gauntlet | Noticed a minotaur
 18201 | Gauntlet | Killed a minotaur
 18370 | Lair:3   | Received a gift from Nemelex Xobeh
 18833 | Lair:4   | Reached skill level 1 in Evocations
 18890 | Lair:4   | Received a gift from Nemelex Xobeh
 18961 | Lair:4   | Found a viscous altar of Jiyva.
 18961 | Lair:4   | Found a staircase to the Slime Pits.
 19071 | Lair:4   | Reached skill level 2 in Evocations
 19436 | Lair:4   | Reached skill level 3 in Evocations
 19462 | Lair:4   | Received a gift from Nemelex Xobeh
 19855 | Lair:5   | Entered Level 5 of the Lair of Beasts
 19914 | Lair:5   | Reached skill level 11 in Dodging
 20029 | Lair:4   | Reached skill level 10 in Invocations
 20185 | Lair:5   | Reached skill level 4 in Evocations
 20222 | Lair:5   | Reached XP level 14. HP: 110/116 MP: 21/21
 20238 | Lair:5   | Reached skill level 6 in Ice Magic
 20291 | Lair:5   | Reached skill level 13 in Fighting
 20465 | Lair:5   | Reached skill level 12 in Dodging
 20549 | Lair:5   | Reached skill level 7 in Ice Magic
 20860 | Lair:5   | Received a gift from Nemelex Xobeh
 20963 | Lair:5   | Reached skill level 13 in Dodging
 20963 | Lair:5   | Reached skill level 8 in Ice Magic
 21004 | Lair:5   | Reached skill level 14 in Fighting
 21313 | Lair:5   | Paralysed by a hornet for 2 turns
 21432 | Lair:5   | Reached skill level 11 in Invocations
 21939 | D:11     | Reached skill level 12 in Unarmed Combat
 22083 | D:11     | Reached XP level 15. HP: 126/126 MP: 23/23
 22102 | D:11     | Found a staircase to the Orcish Mines.
 22195 | D:11     | Noticed Josephine
 22219 | D:11     | Killed Josephine
 22267 | D:11     | Received a gift from Nemelex Xobeh
 22544 | D:11     | Received a gift from Nemelex Xobeh
 22942 | D:12     | Received a gift from Nemelex Xobeh
 23020 | D:12     | Reached skill level 12 in Invocations
 23065 | D:12     | Reached skill level 13 in Unarmed Combat
 23502 | D:12     | Reached skill level 14 in Unarmed Combat
 24002 | D:13     | Received a gift from Nemelex Xobeh
 24450 | Orc:1    | Entered Level 1 of the Orcish Mines
 24476 | Orc:1    | Noticed an orc warlord
 24513 | Orc:1    | Killed an orc warlord
 24548 | Orc:1    | You fall into a shaft and drop 1 floor!
 24548 | Orc:2    | Entered Level 2 of the Orcish Mines
 24873 | Orc:2    | Reached skill level 15 in Fighting
 25032 | Orc:2    | Received a gift from Nemelex Xobeh
 25060 | Orc:2    | Noticed Snorg
 25079 | Orc:2    | Killed Snorg
 25109 | Orc:2    | Found a runed translucent gate.
 25111 | Orc:2    | Found a runed translucent gate.
 25111 | Orc:2    | Found a runed translucent gate.
 25112 | Orc:2    | Noticed anansati's ghost (journeyman DsSh)
 25192 | Orc:2    | Found a staircase to the Elven Halls.
 25291 | Orc:2    | Reached skill level 15 in Unarmed Combat
 25450 | Orc:2    | Noticed Azrael
 25461 | Orc:2    | Killed Azrael
 25608 | Orc:1    | Received a gift from Nemelex Xobeh
 25716 | Orc:2    | Reached XP level 16. HP: 106/136 MP: 25/25
 25739 | Orc:2    | Reached ****** piety under Nemelex Xobeh
 25865 | Orc:2    | Found Vuusikax's General Store.
 25865 | Orc:2    | Found Xegrig's Book Boutique.
 25867 | Orc:2    | Found Xiegasur's General Store.
 25869 | Orc:2    | Found Meynadgh's Jewellery Emporium.
 25950 | Orc:2    | Found a roughly hewn altar of Beogh.
 26059 | Orc:2    | Killed anansati's ghost
 26068 | Orc:2    | Identified the +1 pair of gloves "Samp" {rN++}
 26223 | Orc:1    | Received a gift from Nemelex Xobeh
 26314 | Orc:1    | Found a roughly hewn altar of Beogh.
 26734 | D:14     | Received a gift from Nemelex Xobeh
 27154 | D:14     | Found a gate to the Vaults.
 27198 | D:15     | Entered Level 15 of the Dungeon
 27210 | D:15     | Found a transporter.
 27216 | D:15     | Found a portal to a secret trove of treasure.
 27256 | D:15     | Noticed Pesehast's ghost (journeyman DrMo)
 27296 | D:15     | Received a gift from Nemelex Xobeh
 27336 | D:15     | Found a transporter.
 27510 | D:15     | Reached skill level 16 in Fighting
 27744 | D:15     | Reached skill level 15 in Shapeshifting
 27784 | D:15     | Reached skill level 16 in Unarmed Combat
 27963 | D:15     | Found a blossoming altar of Fedhas.
 28183 | D:15     | Found a staircase to the Depths.
 28391 | D:15     | Gained mutation: You are vulnerable to cold. (rC-) [a
                  | neqoxec]
 28404 | D:15     | Killed Pesehast's ghost
 28405 | D:15     | Reached skill level 16 in Shapeshifting
 28432 | D:15     | Got the ring "Ibovaem" {rN+ Int+6}
 28631 | Shoals:1 | Entered Level 1 of the Shoals
 28879 | Shoals:1 | Reached skill level 17 in Shapeshifting
 28952 | Shoals:1 | Received a gift from Nemelex Xobeh
 29148 | Orc:2    | Bought the blade talisman of Ehoqobene {rF+ Dex+2} for 1795
                  | gold pieces
 29338 | Shoals:1 | Lost mutation: You are vulnerable to cold. (rC-) [potion of
                  | mutation]
 29338 | Shoals:1 | Gained mutation: Your muscles are strong. (Str +4, Int/Dex
                  | -1) [potion of mutation]
 29338 | Shoals:1 | Gained mutation: You have a somewhat thin skeletal
                  | structure. (Dex +2, Stealth+) [potion of mutation]
 29395 | Shoals:1 | Reached XP level 17. HP: 125/144 MP: 26/26
 29585 | Shoals:1 | Reached skill level 18 in Shapeshifting
 29624 | Shoals:1 | Received a gift from Nemelex Xobeh
 29773 | Shoals:1 | Noticed Donald
 29782 | Shoals:1 | Killed Donald
 30033 | D:15     | You paid a toll of a +4 demon trident to enter a treasure
                  | trove
 30034 | Trove    | Entered a treasure trove
 30038 | Trove    | Found the brooch of Shielding {Spirit SH+8}
 30041 | Trove    | Identified the amulet "Sebif" {Spirit rElec rN+ Slay-5
                  | SInv}
 30045 | Trove    | Identified the amulet "Komac" {Reflect rN+ SH+5}
 30048 | Trove    | Identified the amulet "Cuj Uph" {Faith Dex+3}
 30051 | Trove    | Identified the ring "Don Pol" {rN+ rCorr Str+4 Dex-2}
 30063 | Trove    | Identified the amulet of Limitation {Reflect Rampage Str-3
                  | Int+4 SH+5}
 30066 | Trove    | Identified the ring "Uligyot" {Dex+3 SInv}
 30069 | Trove    | Identified the ring "Asio" {rPois rC++ rN+}
 30075 | Trove    | Identified the amulet "Laqumnemn" {Regen+ Int+4}
 30607 | Shoals:2 | Received a gift from Nemelex Xobeh
 30617 | Shoals:2 | Reached skill level 19 in Shapeshifting
 30679 | Shoals:2 | Reached skill level 1 in Armour
 30970 | Shoals:2 | Received a gift from Nemelex Xobeh
 31404 | Shoals:3 | Reached skill level 2 in Armour
 31505 | Shoals:3 | Noticed a kraken
 31521 | Shoals:3 | Killed a kraken
 31572 | Shoals:3 | Received a gift from Nemelex Xobeh
 32039 | Shoals:4 | Entered Level 4 of the Shoals
 32146 | Shoals:4 | Reached skill level 14 in Dodging
 32221 | Shoals:4 | Received a gift from Nemelex Xobeh
 32236 | Shoals:4 | Reached skill level 3 in Armour
 32236 | Shoals:4 | Reached XP level 18. HP: 130/153 MP: 22/27
 32263 | Shoals:4 | Paralysed by an air elemental for 1 turns
 32269 | Shoals:4 | Paralysed by an air elemental for 1 turns
 32428 | Shoals:4 | Paralysed by an air elemental for 1 turns
 32671 | Shoals:4 | Found a hazy altar of Hepliaklqana.
 32713 | Shoals:4 | Reached skill level 13 in Invocations
 32923 | Shoals:4 | Reached skill level 17 in Unarmed Combat
 33113 | Shoals:4 | Identified the +3 ring mail of Spring {rElec Str-3 Dex+5
                  | Stlth+}
 33124 | Shoals:4 | Reached skill level 4 in Armour
 33159 | Shoals:4 | Got a barnacled rune of Zot
 33425 | Snake:1  | Entered Level 1 of the Snake Pit
 33432 | Snake:1  | Reached skill level 17 in Fighting
 33506 | Snake:1  | Acquired 775 gold pieces
 33722 | Snake:1  | Reached skill level 15 in Dodging
 33724 | Snake:1  | Noticed Rupert
 33743 | Snake:1  | Killed Rupert
 34012 | Snake:1  | Noticed Nikola
 34020 | Snake:1  | Killed Nikola
 34141 | Snake:1  | Noticed Mlioglotl
 34145 | Snake:1  | Noticed a lich
 34149 | Snake:1  | Killed Mlioglotl
 34188 | Snake:1  | Received a gift from Nemelex Xobeh
 34389 | Snake:2  | Identified the serpent talisman of the Kraken {rN+ Int-2
                  | Dex+2 SInv}
 34389 | Snake:2  | Noticed Aizul
 34398 | Snake:2  | Killed Aizul
 34416 | Snake:2  | Reached skill level 14 in Invocations
 34461 | Snake:2  | Noticed Vashnia
 34531 | Snake:2  | Reached XP level 19. HP: 133/161 MP: 24/29
 34535 | Snake:2  | Killed Vashnia
 34628 | Snake:2  | You fall into a shaft and drop 1 floor!
 35061 | Snake:3  | Received a gift from Nemelex Xobeh
 35077 | Snake:3  | Reached skill level 16 in Dodging
 35220 | Snake:3  | Reached skill level 18 in Unarmed Combat
 35494 | Snake:3  | Reached skill level 18 in Fighting
 35582 | Snake:3  | Received a gift from Nemelex Xobeh
 36185 | Snake:4  | Entered Level 4 of the Snake Pit
 36346 | Snake:4  | Reached skill level 15 in Invocations
 36811 | Snake:4  | Received a gift from Nemelex Xobeh
 36907 | Snake:4  | Reached skill level 17 in Dodging
 37166 | Snake:4  | Got a serpentine rune of Zot
 37276 | Snake:4  | Reached XP level 20. HP: 153/172 MP: 29/31
 37628 | Elf:1    | Entered Level 1 of the Elven Halls
 37725 | Elf:1    | Received a gift from Nemelex Xobeh
 37741 | Elf:1    | Noticed Kirke
 37749 | Elf:1    | Killed Kirke
 38090 | Elf:1    | Reached skill level 19 in Unarmed Combat
 38263 | Elf:1    | Identified the +5 ring mail of the Apothecary {rCorr}
 38315 | Elf:1    | Found Aseoweerr's General Store.
 38354 | Elf:1    | Reached skill level 19 in Fighting
 38545 | Elf:1    | Received a gift from Nemelex Xobeh
 38552 | Elf:1    | Reached skill level 18 in Dodging
 38632 | Elf:2    | Reached skill level 16 in Invocations
 38663 | Elf:2    | Found a runed translucent gate.
 38664 | Elf:2    | Found a runed translucent gate.
 38712 | Elf:2    | Found a runed translucent gate.
 38837 | Elf:2    | Found Jihett Qyoc's Gadget Gallery.
 38896 | Elf:2    | Found a radiant altar of Vehumet.
 38975 | Elf:2    | Received a gift from Nemelex Xobeh
 39096 | Elf:2    | Found Eranei's Antique Weapon Boutique.
 39129 | Elf:3    | Entered Level 3 of the Elven Halls
 39319 | Elf:3    | Received a gift from Nemelex Xobeh
 39504 | Elf:3    | Identified the +8 demon blade "Duhoc" {pain, rPois}
 40146 | Elf:3    | Reached skill level 19 in Dodging
 40351 | Elf:3    | Reached XP level 21. HP: 182/182 MP: 33/33
 40852 | Elf:3    | Identified the +4 chain mail of Classification {Int+2}
 40896 | Elf:3    | Identified the +3 shortbow "Jelly's Curse" {freeze, Will+}
 40905 | Elf:3    | Identified the staff "Jucwol" {rC+ Int+2 Ice}
 40930 | Elf:3    | Identified the +6 shortbow of the Warrior-Mage {antimagic,
                  | rElec Str-5 Dex+4}
 41461 | Elf:3    | Reached skill level 20 in Unarmed Combat
 41585 | Elf:3    | Reached skill level 20 in Fighting
 42511 | Vaults:1 | Entered Level 1 of the Vaults
 42511 | Vaults:1 | Received a gift from Nemelex Xobeh
 42675 | Vaults:1 | Reached skill level 20 in Dodging
 42747 | Vaults:1 | Received a gift from Nemelex Xobeh
 43138 | Vaults:1 | Received a gift from Nemelex Xobeh
 43145 | Vaults:1 | Found Deps's Weapon Boutique.
 43627 | Vaults:2 | Received a gift from Nemelex Xobeh
 44140 | Vaults:2 | Reached skill level 5 in Armour
 44170 | Vaults:2 | Received a gift from Nemelex Xobeh
 44596 | Vaults:2 | Received a gift from Nemelex Xobeh
 44612 | Vaults:2 | Identified the +6 falchion of Fedhas {freeze, rF+}
 44783 | Vaults:3 | Identified the +4 robe "Iwnuego" {Will- Regen+ Str+4
                  | Stlth+}
 44783 | Vaults:3 | Noticed Boris
 44790 | Vaults:3 | Killed Boris
 45138 | Vaults:3 | Reached skill level 21 in Dodging
 45142 | Vaults:3 | Reached XP level 22. HP: 192/192 MP: 34/34
 45336 | Vaults:3 | Received a gift from Nemelex Xobeh
 45504 | Vaults:3 | Paralysed by a formless jellyfish for 1 turns
 45538 | Vaults:3 | Identified the orb "Dagu" {*channel, Rampage Dex+6 Tloc}
 45538 | Vaults:3 | Noticed Frederick
 45542 | Vaults:3 | Killed Frederick
 45543 | Vaults:3 | Reached skill level 6 in Armour
 45586 | Vaults:3 | Noticed Norris
 45597 | Vaults:3 | Killed Norris
 46305 | Vaults:3 | Found a staircase to the Crypt.
 46421 | Vaults:4 | Reached skill level 21 in Unarmed Combat
 46424 | Vaults:4 | Reached skill level 21 in Fighting
 46460 | Vaults:3 | Learned a level 2 spell: Blink
 46465 | Vaults:3 | Learned a level 4 spell: Manifold Assault
 46529 | Vaults:4 | Reached skill level 1 in Translocations
 46680 | Vaults:4 | Received a gift from Nemelex Xobeh
 46871 | Vaults:4 | Noticed Xtahua
 46886 | Vaults:4 | Killed Xtahua
 47116 | Vaults:4 | Found a runed translucent gate.
 47116 | Vaults:4 | Found a runed translucent gate.
 47117 | Vaults:4 | Found a runed translucent gate.
 47118 | Vaults:4 | Noticed Mara
 48011 | Depths:1 | Entered Level 1 of the Depths
 48011 | Depths:1 | Received a gift from Nemelex Xobeh
 48019 | Depths:1 | Found Padien's Jewellery Shoppe.
 48023 | Depths:1 | Found a shadowy altar of Dithmenos.
 48038 | Depths:1 | Found Yxihonk's Assorted Antiques.
 48038 | Depths:1 | Found Kuul's Distillery.
 48046 | Depths:1 | Reached skill level 2 in Translocations
 48046 | Depths:1 | Found Buddelus's Distillery.
 48058 | Depths:1 | Identified the +3 scale mail of Wariness {^Contam rN+ Will+
                  | Regen+}
 48094 | Depths:1 | Bought a potion of heal wounds for 80 gold pieces
 48094 | Depths:1 | Bought 2 potions of heal wounds for 160 gold pieces
 48094 | Depths:1 | Bought a potion of haste for 160 gold pieces
 48107 | Depths:1 | Bought a potion of might for 68 gold pieces
 48107 | Depths:1 | Bought a potion of might for 68 gold pieces
 48224 | Depths:1 | Learned a level 4 spell: Vhi's Electric Charge
 48286 | Depths:1 | Reached skill level 7 in Armour
 48356 | Depths:1 | Found a gateway to Hell.
 48736 | Depths:2 | Noticed a juggernaut
 48745 | Depths:2 | Killed a juggernaut
 48753 | Depths:2 | Reached skill level 3 in Translocations
 48999 | Depths:2 | Reached skill level 22 in Dodging
 49038 | Depths:2 | Reached XP level 23. HP: 82/201 MP: 28/35
 49158 | Depths:2 | Received a gift from Nemelex Xobeh
 49160 | Depths:2 | Noticed a golden dragon
 49166 | Depths:2 | Killed a golden dragon
 49414 | Depths:2 | Reached skill level 4 in Translocations
 49889 | Depths:2 | Received a gift from Nemelex Xobeh
 49899 | Depths:2 | Found Gioqout's Assorted Antiques.
 50057 | Depths:2 | Found a one-way gate leading to the halls of Pandemonium.
 50755 | Depths:3 | Noticed a golden dragon
 50761 | Depths:3 | Killed a golden dragon
 50785 | Depths:3 | Reached skill level 8 in Armour
 50790 | Depths:3 | Received a gift from Nemelex Xobeh
 50842 | Depths:3 | Noticed a golden dragon
 50860 | Depths:3 | Killed a golden dragon
 50911 | Depths:3 | Noticed a golden dragon
 50937 | Depths:3 | Killed a golden dragon
 50966 | Depths:3 | Found a one-way gate to the infinite horrors of the Abyss.
 51039 | Depths:3 | Identified the ring of Wu Jian's Hope {rC+ Str+4}
 51062 | Depths:3 | Reached skill level 22 in Unarmed Combat
 51103 | Depths:3 | Reached skill level 22 in Fighting
 51336 | Depths:3 | Noticed a golden dragon
 51345 | Depths:3 | Reached skill level 23 in Dodging
 51347 | Depths:3 | Killed a golden dragon
 51359 | Depths:3 | Noticed a golden dragon
 51374 | Depths:3 | Killed a golden dragon
 51687 | Depths:4 | Entered Level 4 of the Depths
 51756 | Depths:4 | Received a gift from Nemelex Xobeh
 51799 | Depths:4 | Reached XP level 24. HP: 212/212 MP: 35/35
 52326 | Depths:4 | Found a one-way gateway to a ziggurat.
 52341 | Depths:4 | Noticed Mennas
 52352 | Depths:4 | Killed Mennas
 52482 | Depths:4 | Received a gift from Nemelex Xobeh
 53469 | Depths:4 | Found a gate to the Realm of Zot.
 53976 | Crypt:1  | Entered Level 1 of the Crypt
 54392 | Crypt:1  | Noticed Margery
 54407 | Crypt:1  | Killed Margery
 54444 | Crypt:1  | Identified the +4 robe of Rooceug {*Slow +Blink rC+}
 54444 | Crypt:1  | Noticed Boris
 54463 | Crypt:1  | Killed Boris
 54743 | Crypt:2  | Received a gift from Nemelex Xobeh
 54864 | Crypt:2  | Reached skill level 24 in Dodging
 54965 | Crypt:2  | Reached skill level 20 in Shapeshifting
 55075 | Crypt:2  | Reached skill level 23 in Fighting
 55081 | Crypt:2  | Reached skill level 23 in Unarmed Combat
 55445 | Crypt:2  | Found an ancient bone altar of Kikubaaqudgha.
 55692 | Crypt:3  | Entered Level 3 of the Crypt
 55750 | Crypt:3  | Received a gift from Nemelex Xobeh
 55867 | Crypt:3  | Reached skill level 21 in Shapeshifting
 56250 | Crypt:3  | Reached XP level 25. HP: 221/221 MP: 35/35
 56297 | Crypt:2  | Found a basalt altar of Yredelemnul.
 56374 | Crypt:3  | Received a gift from Nemelex Xobeh
 56740 | Crypt:3  | Found a staircase to the Tomb.
 57102 | Crypt:3  | Identified the ring of Fearph {rC+ rCorr Str+4}
 57129 | Crypt:3  | Found a basalt altar of Yredelemnul.
 57132 | Crypt:3  | Found an ancient bone altar of Kikubaaqudgha.
 57170 | Crypt:3  | Identified the +3 orcbow of Kinkem {heavy, Will+ Stlth+}
 57171 | Crypt:3  | Identified the staff of Eternity {rPois Str+2 Dex+2
                  | Alchemy}
 57389 | Vaults:5 | Entered Level 5 of the Vaults
 57418 | Vaults:5 | Reached skill level 25 in Dodging
 57428 | Vaults:5 | Reached skill level 22 in Shapeshifting
 58236 | Vaults:5 | Identified the +3 robe of Gallantry {Int+4}
 58236 | Vaults:5 | Noticed Boris
 58257 | Vaults:5 | Killed Boris
 58741 | Vaults:5 | Noticed an ancient lich
 58746 | Vaults:5 | Killed an ancient lich
 58747 | Vaults:5 | Reached skill level 23 in Shapeshifting
 58749 | Vaults:5 | Identified the +11 broad axe "Sidghexae" {vamp, *Slow rN+
                  | Str+4}
 58805 | Vaults:5 | Got the Almanac of Generative Angles
 58845 | Vaults:5 | Noticed a dread lich
 58850 | Vaults:5 | Received a gift from Nemelex Xobeh
 58884 | Vaults:5 | Identified the +10 shortbow "Elidubyi" {speed, rF- rCorr
                  | MP+9 SInv}
 59251 | Vaults:5 | Reached skill level 26 in Dodging
 59286 | Vaults:5 | Killed a dread lich
 59289 | Vaults:5 | Reached skill level 24 in Shapeshifting
 59294 | Vaults:5 | Identified the +6 falchion of the Median {freeze, rC+ Will+
                  | SInv}
 59393 | Vaults:5 | Identified the +0 robe of Pazemome {Str+4}
 59579 | Vaults:5 | Got the Papyrus of Conjury
 59584 | Vaults:5 | Got Homuduopt's Octavo of Lamentation
 59911 | Vaults:5 | Identified the +9 sling of Overwhelming Force {speed,
                  | +Blink Int+3 SInv}
 59963 | Vaults:5 | Acquired a +0 heavy glaive
 59965 | Vaults:5 | Got a silver rune of Zot
 60360 | D:3      | Bought a scroll of teleportation for 42 gold pieces
 60360 | D:3      | Bought a scroll of teleportation for 42 gold pieces
 60360 | D:3      | Bought 3 scrolls of teleportation for 126 gold pieces
 60387 | D:3      | Bought a scroll of revelation for 90 gold pieces
 60387 | D:3      | Bought a scroll of immolation for 48 gold pieces
 60387 | D:3      | Bought a scroll of immolation for 48 gold pieces
 60581 | Orc:2    | Bought a scroll of teleportation for 42 gold pieces
 60581 | Orc:2    | Bought a potion of cancellation for 112 gold pieces
 60800 | D:3      | Bought 2 potions of haste for 200 gold pieces
 60837 | D:5      | Bought a ring of fire for 325 gold pieces
 61122 | Elf:1    | Bought a scroll of teleportation for 48 gold pieces
 61122 | Elf:1    | Bought a wand of paralysis (7) for 268 gold pieces
 61122 | Elf:1    | Bought 2 scrolls of silence for 304 gold pieces
 61122 | Elf:1    | Bought a potion of might for 64 gold pieces
 61368 | Depths:1 | Bought 2 potions of curing for 102 gold pieces
 61368 | Depths:1 | Bought a potion of mutation for 136 gold pieces
 61368 | Depths:1 | Bought a potion of mutation for 136 gold pieces
 61371 | Depths:1 | Bought a potion of resistance for 160 gold pieces
 61371 | Depths:1 | Bought a potion of mutation for 128 gold pieces
 61371 | Depths:1 | Bought a potion of curing for 48 gold pieces
 61371 | Depths:1 | Bought a potion of curing for 48 gold pieces
 61405 | Depths:2 | Reached XP level 26. HP: 213/228 MP: 32/35
 61432 | Depths:2 | Bought 2 potions of resistance for 680 gold pieces
 61432 | Depths:2 | Bought a wand of digging (1) for 142 gold pieces
 61432 | Depths:2 | Bought a potion of might for 136 gold pieces
 61432 | Depths:2 | Bought a wand of polymorph (5) for 238 gold pieces
 61509 | Zot:1    | Entered Level 1 of the Realm of Zot
 61513 | Zot:1    | Received a gift from Nemelex Xobeh
 62289 | Zot:1    | Received a gift from Nemelex Xobeh
 62330 | Zot:1    | Reached skill level 25 in Shapeshifting
 62577 | Zot:1    | You fall into a shaft and drop 1 floor!
 62655 | Zot:1    | Noticed an orb of fire
 62677 | Zot:1    | Killed an orb of fire
 62775 | Zot:1    | Received a gift from Nemelex Xobeh
 63248 | Zot:2    | Reached skill level 26 in Shapeshifting
 63657 | Zot:2    | Received a gift from Nemelex Xobeh
 63730 | Zot:2    | Reached skill level 27 in Shapeshifting
 63895 | Zot:2    | Reached skill level 27 in Dodging
 63961 | Zot:2    | Received a gift from Nemelex Xobeh
 64328 | Zot:5    | Entered Level 5 of the Realm of Zot
 64476 | Zot:5    | Received a gift from Nemelex Xobeh
 64721 | Zot:5    | Noticed an orb of fire
 64721 | Zot:5    | Noticed a Killer Klown
 64721 | Zot:5    | Noticed an ancient lich
 64732 | Zot:5    | Noticed a dread lich
 64732 | Zot:5    | Noticed an ancient lich
 65007 | Zot:5    | Received a gift from Nemelex Xobeh
 65056 | Zot:5    | Reached XP level 27. HP: 235/235 MP: 35/35
 65186 | Zot:5    | Noticed an ancient lich
 65195 | Zot:5    | Killed an orb of fire
 65200 | Zot:5    | Killed an ancient lich
 65363 | Zot:5    | Killed an ancient lich
 65606 | Zot:5    | Killed a dread lich
 65800 | Zot:5    | Killed an ancient lich
 66583 | Zot:5    | Noticed a dread lich
 66592 | Zot:5    | Killed a dread lich
 66593 | Zot:5    | Reached skill level 17 in Invocations
 66835 | Zot:5    | Noticed a dread lich
 66835 | Zot:5    | Noticed a dread lich
 66844 | Zot:5    | Noticed an ancient lich
 66845 | Zot:5    | Killed a dread lich
 67273 | Zot:5    | Killed a dread lich
 67287 | Zot:5    | Killed an ancient lich
 67550 | Zot:5    | Reached skill level 24 in Fighting
 67693 | Zot:5    | Received a gift from Nemelex Xobeh
 67697 | Zot:5    | Reached skill level 24 in Unarmed Combat
 69219 | Zot:5    | Got the Orb of Zot
 69629 | D:5      | Reached skill level 18 in Invocations
 69763 | D:$      | Escaped with the Orb!

Illustrated notes

Levels and vault maps discovered:
D:1:      dpeg_arrival_round_a, layout_basic,
          shapermc_ecumenical_altar_acropolis
D:2:      layout_loops_ring, basic_altar, grunt_ministairs_15, uniq_natasha
D:3:      layout_loops_ring, amethyst_overflow_temple_binary,
          mainiacjoe_overflow_chevrons, serial_shops, shop, shop, shop, shop,
          nicolae_shop_bloodbath_and_beyond
D:4:      layout_loops_corners, nemelex_xobeh_ov_fountains_minmay,
          kennysheep_little_box, roderic_batcave, uniq_duvessa
D:5:      layout_basic, minmay_temple_entry_grid, serial_shops,
          nicolae_shop_tiny_real_fake_doors, uniq_pikel, uniq_prince_ribbit1
D:6:      layout_cave_pods, overflow_temple_1_default, tgw_kikubaaqudgha,
          mainiacjoe_overflow_alcove_1, lemuel_tele_altar
D:7:      layout_rooms, nicolae_uskayaw_dance_studio
D:8:      layout_loops_ring
D:9:      layout_cave_pods, minitemple, lair_entry_dummy
D:10:     layout_loops_ring
D:11:     layout_gridville, erik_orc_4, uniq_josephine
D:12:     minmay_slanted_spiral_squares, layout_irregular_city
D:13:     layout_roguey, grunt_livestock
D:14:     layout_rooms, david_vaults_5, minmay_strange_pillars,
          minmay_beelzebubs_servants
D:15:     grunt_enter_depths_magical_seal, layout_long_grid,
          gammafunk_ghost_stat_death, fedhas_altar_4,
          nicolae_trove_entry_path_of_doom
Lair:1:   layout_chaotic_city, chequers_serial_rivers_micro_b,
          columned_hall_lemuel, grunt_megastairs_4
Lair:2:   layout_roguey, nicolae_shoals_entry_roost,
          guppyfry_snake_entry_island, maelrawn_ghost_gauntlet_escape,
          chequers_serial_rivers_micro_e, lemuel_fruit_fields, uniq_harold
Lair:3:   layout_regular_city, gauntlet_entry_generic
Lair:4:   layout_roguey, slime_entry_1, grunt_megastairs_5
Lair:5:   minmay_lair_end_enchanted_forest, layout_loops_ring
Shoals:1: layout_shoals, st_cyclops, uniq_donald
Shoals:2: layout_shoals, nicolae_shoals_nymph_descending_staircase
Shoals:3: layout_shoals, uniq_ilsuiw
Shoals:4: shoals_end_hellmonk_storm_palace [storm_palace_center_ruins,
          storm_palace_corner_blocked, storm_palace_corner_altar,
          storm_palace_corner_narrow, storm_palace_corner_narrow]
Snake:1:  layout_misc_corridors, serial_bayou, serial_bayou_pond_b,
          serial_bayou_pond_e, serial_bayou_shore_a, serial_bayou_ford_a,
          serial_bayou_pond_a, serial_bayou_crossing, drop_trap, uniq_nikola,
          uniq_mlioglotl, uniq_rupert
Snake:2:  layout_misc_corridors, uniq_vashnia, uniq_aizul
Snake:3:  layout_onion, grunt_ministairs_2, nicolae_large_snake_swirl
Snake:4:  hellmonk_snake_rune_quicksilver_temple, layout_gridlike,
          nicolae_triple_integral
Orc:1:    layout_caves, basic_altar
Orc:2:    st_orc_rangers, layout_caves, biasface_ghost_orc_armoury, uniq_snorg,
          uniq_azrael
Elf:1:    eino_elf_arrival_sip, layout_geoelf_grid, serial_shops, shop,
          hangedman_elf_disciples, laboratory, uniq_kirke
Elf:2:    elven_hall_of_blades_hangedman_original
          [nicolae_vaults_blade_armed_guards], layout_onion_city, serial_shops,
          shop_statue, basic_altar, nicolae_shop_gadgets
Elf:3:    minmay_elf_hall_not_hex, layout_gridlike, special_room
          [special_room_orc], grunt_megastairs_1
Vaults:1: vaults_room_pool, hangedman_vaults_maws, ontoclasm_vaults_ring_square,
          grunt_vaults_hallway_long, nicolae_vaults_twisting_passages,
          hangedman_vaults_corner, nicolae_vaults_trapezoid_3,
          nicolae_vaults_trapezoid_lopsided_4, nicolae_vaults_swerve,
          nicolae_vaults_alarming, ontoclasm_vaults_fault,
          ontoclasm_vaults_hangar, nicolae_vaults_diamond_2,
          layout_vaults_omnicross, serial_shops, shop
Vaults:2: nicolae_vaults_big_angled_halls, vaults_room_door_ring,
          nicolae_vaults_turnstiles, v_rooms_2, ontoclasm_vaults_ligature,
          ontoclasm_vaults_tryst, hangedman_vaults_impose, v_misc_26,
          nicolae_vaults_storage_closets_2, nicolae_vaults_door_testing_chamber,
          vaults_mumra_lcd, nicolae_vaults_what_the_h,
          nicolae_vaults_specimen_jars, layout_vaults_maze
Vaults:3: hangedman_vaults_snaps, v_rooms_1, v_misc_8,
          nicolae_vaults_tetromino_L_1, hangedman_vaults_stagger,
          nicolae_vaults_tetromino_T_1, nicolae_vaults_network_barrier,
          lightli_orcish_oven, nicolae_vaults_tetromino_T_2,
          minmay_crypt_entry_simple_box, ontoclasm_vaults_gateway,
          layout_vaults_quadrants, uniq_frederick, uniq_norris, uniq_boris
Vaults:4: grunt_vaults_trifunnel, nicolae_vaults_sightless_eye,
          abrahamwl_protected_by_tso_1, nicolae_vaults_prndl, v_misc_18,
          nicolae_vaults_sealed_display, vaults_mumra_hex,
          nicolae_vaults_little_squares_5, vaults_mumra_minichess,
          nicolae_vaults_double_plus_1, nicolae_vaults_little_squares_4,
          layout_vaults_chaotic_city, uniq_mara, uniq_xtahua
Vaults:5
Crypt:1:  layout_chaotic_city, grunt_crypt_arrival_guarded_gate, uniq_margery
Crypt:2:  layout_misc_corridors, lemuel_mausoleum_altar_kikubaaqudgha,
          lemuel_upstairs_altar
Crypt:3:  lightli_unholy_cathedral, layout_chaotic_city,
          tomb_entry_pyramid_bobbens
Depths:1: layout_gridville, pf_vacation_house_of_asmodeus,
          nicolae_dithmenos_through_a_glass_darkly, kennysheep_two_boxes,
          minmay_shoptagon
Depths:2: minmay_isolated_rectangles_in_corner, layout_cave_shapes,
          chequers_serial_rivers_small_b, grunt_pan_entry_in_and_out,
          serial_shops, shop, hellmouth_1, minmay_fountain_box
Depths:3: nooodl_heptagram, layout_basic, hangedman_tar_grid_catacomb,
          minmay_misc_feat_x, grunt_pan_entry_zigzag, abyss_entry,
          item_on_display_a
Depths:4: grunt_zot_entry_alcove, layout_gridville, enter_ziggurat_e,
          serial_rivers, chequers_serial_rivers_large_a,
          chequers_serial_rivers_small_a, chequers_serial_rivers_micro_e,
          chequers_serial_rivers_small_3, chequers_serial_rivers_small_b,
          grunt_mini_vestibule, minmay_misc_feat_cross, serial_bayou_pond_d,
          uniq_mennas
Zot:1:    layout_cellular_growth, nicolae_zig_zag_zippers
Zot:2:    layout_twisted_circle, grunt_megastairs_2, uniq_josephina
Zot:3:    layout_concentric_octagons
Zot:4:    layout_basic, regret_index_zotdec_bone_old
Zot:5:    layout_onion

Skill      XL: |  1  2  3  4  5  6  7  8  9 10 11 12 13 14 15 16 17 18 19 20 21 22 23 24 25 26 27 |
---------------+----------------------------------------------------------------------------------+-----
Stealth        | 2 3 5 |  5.0
Fighting       | 2 3 4 6 7 8 9 10 11 12 14 15 16 17 18 19 20 21 22 23 24 | 24.3
Shapeshifting  | 5 6 7 8 10 11 12 13 14 17 19 21 24 27 | 27.0
Unarmed Combat | 5 6 7 9 10 11 12 15 16 17 18 19 20 21 22 23 24 | 24.2
Dodging        | 5 7 8 10 11 13 14 15 17 19 21 22 23 24 26 27 | 27.0
Invocations    | 2 5 6 7 10 11 12 14 15 16 18 | 18.0
Ice Magic      | 1 5 8 |  8.0
Evocations     | 4 |  4.0
Armour         | 3 4 5 7 8 |  8.0
Translocations | 3 4 |  4.5

Action                     |  1- 3 |  4- 6 |  7- 9 | 10-12 | 13-15 | 16-18 | 19-21 | 22-24 | 25-27 || total
---------------------------+-------+-------+-------+-------+-------+-------+-------+-------+-------++-------
  Melee: Unarmed           |    43 |   155 |   321 |   669 |  1406 |  1139 |  1116 |  1335 |  1172 ||  7356
         Tailslap          |     2 |       |       |       |       |    23 |     3 |     5 |       ||    33
         Punch             |     2 |     2 |       |       |       |    74 |   139 |   252 |   250 ||   719
         Constrict         |       |       |       |       |       |    68 |       |       |       ||    68
  Throw: Stone             |     2 |     7 |       |       |       |       |       |       |       ||     9
         Boomerang         |       |    38 |       |       |       |       |       |       |       ||    38
   Cast: Ozocubu's Armour  |       |       |       |    13 |    46 |     6 |     1 |       |       ||    66
         Blink             |       |       |       |       |       |       |       |     1 |     1 ||     2
 Invoke: Draw Destruction  |       |     5 |       |     7 |     5 |     2 |       |       |       ||    19
         Draw Escape       |       |     1 |       |     2 |       |     1 |       |       |       ||     4
         Draw Summoning    |       |       |       |     4 |     6 |     1 |     1 |     1 |       ||    13
         Triple Draw       |       |       |       |     1 |     1 |       |       |     1 |       ||     3
         Stack Five        |       |       |       |       |     1 |       |       |       |     1 ||     2
         Deal Four         |       |       |       |       |       |     1 |       |     3 |     3 ||     7
         Draw Stack        |       |       |       |       |       |       |       |       |     2 ||     2
  Evoke: Wand              |       |       |     4 |     5 |     7 |     4 |     3 |     7 |    11 ||    41
         Lightning rod     |       |       |     1 |    11 |    11 |     8 |       |     4 |       ||    35
         Tin of tremorston |       |       |       |       |     3 |     5 |       |     4 |       ||    12
         Phantom mirror    |       |       |       |       |       |       |       |     1 |       ||     1
    Use: Potion            |     1 |     1 |     1 |     3 |       |     2 |       |     1 |     4 ||    13
         Scroll            |       |     5 |     7 |     9 |     4 |     8 |     4 |     7 |    18 ||    62
   Stab: Distracted        |     1 |       |       |     1 |     1 |     4 |     9 |     4 |    11 ||    31
         Sleeping          |     3 |     5 |       |     4 |       |    29 |    29 |    12 |       ||    82
 Armour: Animal skin       |     8 |    69 |       |       |       |       |       |       |       ||    77
         Skin              |     2 |     7 |   131 |   236 |   235 |   167 |       |       |       ||   778
         Troll leather arm |       |       |       |       |       |   149 |       |       |       ||   149
         Ring mail         |       |       |       |       |       |    61 |   153 |       |       ||   214
         Chain mail        |       |       |       |       |       |       |    67 |    66 |       ||   133
         Scale mail        |       |       |       |       |       |       |       |   297 |   285 ||   582
  Dodge: Dodged            |    20 |    95 |   225 |   598 |  1558 |  1333 |   859 |  1293 |  1017 ||  6998
  Block: Other             |       |       |       |       |       |   154 |   158 |       |       ||   312
   Form: Flux              |       |     1 |       |       |     1 |       |       |       |       ||     2
                           |       |       |       |       |     1 |       |       |       |       ||     1
         Blade             |       |       |       |       |       |     1 |       |       |       ||     1
         Serpent           |       |       |       |       |       |     1 |       |       |       ||     1

Table legend: (Time is in decaauts)
 A = Elapsed time spent in this place.
 B = Non-inter-level travel time spent in this place.
 C = Inter-level travel time spent in this place.
 D = Time resting spent in this place.
 E = Time spent auto-exploring this place.
 F = Levels seen in this place.
 G = Mean time per level.
                   A        B        C        D        E       F      G
               +--------+--------+--------+--------+--------+-----+--------+
         Total |  67244 |  59818 |   7426 |  14463 |  30887 |  52 | 1293.2 |
       Dungeon |  21287 |  17277 |   4010 |   3384 |   9960 |  15 | 1419.1 |
          Lair |   6718 |   6043 |    675 |    796 |   3181 |   5 | 1343.6 |
        Shoals |   3518 |   3186 |    332 |    345 |   1678 |   4 |  879.5 |
     Snake Pit |   3824 |   3605 |    219 |    150 |   2491 |   4 |  956.0 |
  Orcish Mines |   2220 |   1831 |    389 |    324 |    953 |   2 | 1110.0 |
   Elven Halls |   4422 |   4071 |    351 |   1471 |   1820 |   3 | 1474.0 |
        Vaults |   7990 |   7421 |    569 |   1252 |   4626 |   5 | 1598.0 |
         Crypt |   3106 |   2936 |    170 |    253 |   1905 |   3 | 1035.3 |
        Depths |   5705 |   5258 |    447 |   1730 |   2514 |   4 | 1426.2 |
           Zot |   7492 |   7232 |    260 |   4419 |   1632 |   5 | 1498.4 |
         Trove |     69 |     69 |      0 |      0 |      0 |   1 |   69.0 |
      Gauntlet |    888 |    888 |      0 |    335 |    123 |   1 |  888.0 |
               +--------+--------+--------+--------+--------+-----+--------+

Top non-repeatable levels by time:
   Zot:5: 4795 daAuts
   Elf:3: 2794 daAuts
Vaults:5: 2474 daAuts
     D:5: 2214 daAuts
Depths:4: 2060 daAuts
     D:9: 1947 daAuts
     D:1: 1864 daAuts
     D:8: 1840 daAuts
     D:4: 1748 daAuts
Vaults:3: 1704 daAuts
     D:3: 1647 daAuts
  Lair:1: 1643 daAuts
Depths:2: 1634 daAuts
   Orc:2: 1564 daAuts
   Zot:1: 1547 daAuts

Table legend:
 A = Kills in this place as a percentage of kills in the entire game.
 B = Kills by you in this place as a percentage of kills by you in the entire game.
 C = Kills by friends in this place as a percentage of kills by friends in the entire game.
 D = Other kills in this place as a percentage of other kills in the entire game.
 E = Experience gained in this place as a percentage of experience gained in the entire game.
 F = Experience gained in this place divided by the number of levels of this place that you have seen.
                   A       B       C       D       E      F
               +-------+-------+-------+-------+-------+----------------------
         Total | 100.0 | 100.0 | 100.0 | 100.0 | 100.0 | 26432.6
       Dungeon |  17.7 |  17.5 |  22.2 |  28.6 |   5.9 | 5416.2
          Lair |  10.7 |  10.5 |  24.4 |   0.0 |   4.8 | 13157.2
        Shoals |   9.8 |  10.0 |   0.0 |   0.0 |   8.0 | 27556.5
     Snake Pit |   9.7 |   9.8 |   6.7 |  14.3 |   9.0 | 30782.5
  Orcish Mines |   5.5 |   5.0 |  28.9 |  14.3 |   1.5 | 10213.0
   Elven Halls |   7.3 |   7.5 |   0.0 |   0.0 |   7.9 | 36287.7
        Vaults |  13.8 |  14.0 |   0.0 |  42.9 |  19.8 | 54506.0
         Crypt |   8.2 |   8.4 |   0.0 |   0.0 |   9.1 | 41638.7
        Depths |   9.1 |   9.1 |  13.3 |   0.0 |  14.8 | 50840.5
           Zot |   7.7 |   7.9 |   0.0 |   0.0 |  18.8 | 51803.0
      Gauntlet |   0.4 |   0.4 |   4.4 |   0.0 |   0.4 | 4999.0
               +-------+-------+-------+-------+-------+----------------------
